 Dungeon Crawl Stone Soup version 0.24.0-123-gd5b16e6ec5 (webtiles) character file.

Game seed: 11151879346776272097, levelgen mode: deterministic

207 Darkdai the Slasher (level 5, 0/41 HPs)
             Began as a Demonspawn Gladiator on Jan 28, 2020.
             Succumbed to a kobold's poison
             ... on level 3 of the Dungeon.
             The game lasted 00:15:45 (2281 turns).

Darkdai the Slasher (Demonspawn Gladiator)          Turns: 2281, Time: 00:15:46

Health: 0/41       AC: 15    Str: 14    XL:     5   Next: 54%
Magic:  5/5        EV:  0    Int:  9    God:
Gold:   231        SH:  0    Dex: 16    Spells: 4/4 levels left

rFire    . . .     SeeInvis .   a - +0 long sword
rCold    + . .     Gourm    .   (no shield)
rNeg     . . .     Faith    .   m - +0 crystal plate armour
rPois    .         Spirit   .   (helmet restricted)
rElec    .         Reflect  .   (no cloak)
rCorr    +         Harm     .   (no gloves)
MR       .....                  (no boots)
Stlth    ..........             (no amulet)
HPRegen  0.13/turn              o - ring of protection from cold
MPRegen  0.09/turn              u - ring of resist corrosion

@: lethally poisoned (0 -> -1)
A: antennae 1, claws 1, talons 1
a: no special abilities


You were on level 3 of the Dungeon.
You were not hungry.

You visited 1 branch of the dungeon, and saw 3 of its levels.

You collected 231 gold pieces.

Inventory:

Hand Weapons
 a - a +0 long sword (weapon)
 n - a cursed -1 hunting sling
 q - a +0 whip of venom
 r - a +1 dagger of venom
 s - a +2 dagger of venom
Missiles
 d - 3 throwing nets (quivered)
Armour
 b - a +0 leather armour
 c - a +0 helmet
 m - a +0 crystal plate armour (worn)
 v - a +0 troll leather armour {Purgy}
Jewellery
 o - a ring of protection from cold (left claw)
 u - a ring of resist corrosion (right claw)
Scrolls
 e - a scroll of identify
 h - a scroll of amnesia {unknown}
 i - 2 scrolls of blinking {unknown}
 k - 2 scrolls of fear
 l - 2 scrolls of remove curse {unknown}
 p - a scroll of magic mapping {unknown}
 w - a scroll of teleportation
Potions
 g - a potion of haste
 j - 2 potions of lignification {unknown}
 t - 2 potions of mutation
Comestibles
 f - 3 rations


   Skills:
 + Level 3.0 Fighting
 + Level 4.1 Long Blades
 + Level 2.0 Throwing
 + Level 1.9 Armour
 + Level 3.3 Dodging
 + Level 0.8 Stealth


You had 4 spell levels left.
You didn't know any spells.
Your spell library was empty.

Dungeon Overview and Level Annotations

Branches:
Dungeon (3/15)

Altars:


Innate Abilities, Weirdness & Mutations

You have a pair of small antennae on your head.
You have sharp fingernails.
You have sharp toenails.


Message History

The orc hits you but does no damage. x2
You completely miss the orc. Your kick misses the orc.
The orc is moderately wounded.
* * * LOW HITPOINT WARNING * * *
You feel sick.
The orc wizard hits you but does no damage. x2
The orc hits you but does no damage. x2
Your crystal plate armour prevents you from hitting the orc.
The orc is moderately wounded.
The orc wizard hits you but does no damage. x2
The orc hits you but does no damage. x2
Your crystal plate armour prevents you from hitting the orc.
Your kick misses the orc.
The orc is moderately wounded.
The orc wizard hits you but does no damage.
The orc hits you but does no damage. x2
The orc wizard hits you but does no damage.
You hit the orc but do no damage. Your kick misses the orc.
The orc is moderately wounded.
You die...

##....## #. #......# #.
#......# ##+########. #.
#......###........... #.
#....#.#.)........... #.
####.#.#.#........... #.
####.#.#(#...........
+...
#....#.#(#....o......
####
#.##.#.#.#...@o......
#.##.#.#.#....o......
#.####.#.######...!). #.#
#.#.# ###### #.# #.#.#
#.####.#.########
##########
#....#.#........#
#........#
####.#.########.#
#........#
#.........##.###........#


You could see an orc wizard and 2 orcs.

Vanquished Creatures
  Purgy (D:3)
  5 adders
  A gnoll (D:1)
  A worm (D:2)
  2 dart slugs (D:1)
  2 leopard geckos (D:3)
  7 bats
  2 giant cockroaches
  11 goblins
  5 hobgoblins
  2 jackals (D:2)
  3 kobolds
  A quokka (D:3)
  3 frilled lizards
  6 rats
52 creatures vanquished.

Notes
Turn   | Place    | Note
-------+----------+-------------------------------------------
     0 | D:1      | Darkdai the Demonspawn Gladiator began the quest for the
                  | Orb.
     0 | D:1      | Reached XP level 1. HP: 16/16 MP: 1/1
   405 | D:1      | Gained mutation: You have sharp toenails. [demonic
                  | ancestry]
   405 | D:1      | Reached XP level 2. HP: 22/22 MP: 2/2
   528 | D:1      | Reached skill level 3 in Long Blades
   554 | D:1      | Gained mutation: You have sharp fingernails. [demonic
                  | ancestry]
   554 | D:1      | Reached XP level 3. HP: 16/27 MP: 3/3
  1349 | D:2      | Reached skill level 1 in Armour
  1657 | D:3      | Reached XP level 4. HP: 34/34 MP: 4/4
  1750 | D:3      | Noticed Purgy
  1783 | D:3      | Killed Purgy
  1783 | D:3      | Reached skill level 4 in Long Blades
  1783 | D:3      | Gained mutation: You have a pair of small antennae on your
                  | head. [demonic ancestry]
  1783 | D:3      | Reached XP level 5. HP: 7/40 MP: 5/5
  2277 | D:3      | HP: 2/41 [orc/+0 hand axe (1)]
  2281 | D:3      | Succumbed to a kobold's poison

Levels and vault maps discovered:
D:1:      sevenhm_arrival_forest_fort_small_4, layout_rooms,
          minmay_misc_feat_room
D:2:      kennysheep_the_goblin_king, layout_basic
D:3:      layout_basic, overflow_temple_1_default,
          nicolae_overflow_hidden_temple, uniq_purgy

Skill      XL: |  1  2  3  4  5 |
---------------+----------------+-----
Throwing       | 2 |  2.0
Dodging        | 3 |  3.3
Long Blades    | 3 4 |  4.1
Armour         | 1 |  1.9
Fighting       | 3 |  3.0
Stealth        | |  0.8

Action                   |  1- 3 |  4- 6 || total
-------------------------+-------+-------++-------
Melee: Long sword        |   109 |    89 ||   198
       Kick              |    24 |    21 ||    45
  Use: Scroll            |     5 |     2 ||     7
       Potion            |     2 |     1 ||     3
 Stab: Sleeping          |     1 |       ||     1
  Eat: Ration            |     1 |     1 ||     2
Armor: Leather armour    |     8 |       ||     8
       Crystal plate arm |    77 |   156 ||   233
Dodge: Dodged            |    41 |     2 ||    43
       Rpst.: Long sword |    17 |       ||    17
